 Dungeon Crawl Stone Soup version 0.28-a0-863-g8cecda6153 (webtiles) character file.

Game seed: 8431042834791685326

109 gigimoi the Chopper (level 4, -5/41 HPs)
             Began as a Hill Orc Monk on Nov 17, 2021.
             Slain by a gnoll (12 damage)
             ... on level 2 of the Dungeon.
             The game lasted 00:04:59 (2844 turns).

gigimoi the Chopper (Hill Orc Monk)                 Turns: 2844, Time: 00:05:00

Health: -5/41      AC:  5    Str: 14    XL:     4   Next: 90%
Magic:  4/4        EV: 11    Int: 10    God:
Gold:   132        SH:  0    Dex: 13    Spells: 3/3 levels left

rFire   + . .      SeeInvis .   a - +0 hand axe
rCold   x . .      Faith    .   (no shield)
rNeg    . . .      Spirit   .   h - +0 ring mail
rPois   .          Reflect  .   (no helmet)
rElec   .          Harm     .   (no cloak)
rCorr   .          Rampage  .   (no gloves)
Will    .....                   (no boots)
Stlth   +.........              (no amulet)
HPRegen 0.13/turn               f - ring of fire
MPRegen 0.09/turn               (no ring)

@: no status effects
A: no striking features
a: no special abilities


You were on level 2 of the Dungeon.
You visited 1 branch of the dungeon, and saw 3 of its levels.

You collected 132 gold pieces.

Inventory:

Hand Weapons
 a - a +0 hand axe (weapon)
Armour
 b - a +0 robe
 h - a +0 ring mail (worn)
Jewellery
 f - a ring of fire (left hand)
Scrolls
 c - a scroll of teleportation {unknown}
 e - a scroll of brand weapon {unknown}
 i - a scroll of fog {unknown}
 k - a scroll of magic mapping {unknown}
 l - a scroll of noise {unknown}
 m - a scroll of amnesia {unknown}
 n - a scroll of enchant weapon {unknown}
 p - a scroll of vulnerability {unknown}
Potions
 d - a potion of attraction {unknown}
 g - a potion of curing {unknown}
 j - a potion of mutation {unknown}
 o - a potion of invisibility {unknown}


   Skills:
 + Level 4.3 Fighting
 * Level 5.4 Axes
 * Level 2.7 Armour
 - Level 2.4 Dodging
 - Level 1.6 Stealth


You had 3 spell levels left.
You didn't know any spells.
Your spell library was empty.

Dungeon Overview and Level Annotations

Branches:
Dungeon (3/15)

Altars:


Message History

You see here a +0 robe.
There is a stone staircase leading up here.
You climb upwards.
There is a stone staircase leading down here.
You start resting.
HP restored.
You start waiting.
Done waiting.
You climb downwards.
The gnoll misses you. The gnoll hits you but does no damage.
The gnoll hits you with a +0 flail.
There is a stone staircase leading up, spattered with blood here.
The gnoll hits you with a +0 whip. The gnoll hits you with a +0 flail!
You climb upwards.
There is a stone staircase leading down here.
You hit the gnoll but do no damage. x2; The gnoll hits you but does no damage.
The gnoll barely misses you.
You hit the gnoll but do no damage. You closely miss the gnoll.
The gnoll closely misses you. The gnoll hits you with a +0 flail!
The gnoll hits you with a +0 whip. The gnoll hits you with a +0 whip.
There is a stone staircase leading up here.
You hit the gnoll.
The gnoll is lightly wounded.
You hit the gnoll but do no damage. You hit the gnoll.
The gnoll barely misses you. The gnoll closely misses you.
The gnoll barely misses you.
You barely miss the gnoll. x2; The gnoll closely misses you. x2
You hit the gnoll.
The gnoll is moderately wounded.
You hit the gnoll. The gnoll hits you with a +0 flail.
The gnoll closely misses you.
You hit the gnoll.
The gnoll is heavily wounded.
You hit the gnoll but do no damage. The gnoll barely misses you.
The gnoll hits you with a +0 whip.
* * * LOW HITPOINT WARNING * * *
You closely miss the gnoll.
The gnoll is heavily wounded.
You closely miss the gnoll. The gnoll hits you with a +0 flail!
You die...

##### ######### #...# #>.......
################g..# #........
............>..g@..# #........
.###########...#.^.# #........
.............###...# #.....)..
#####......).####### #........
##.#.......##########........
#.#####..................... ####
#..####..........#..#.#.....
...####........##..##.#.)#..#####
....#####..........##....#....#


You could see 2 gnolls.

Vanquished Creatures
  Natasha (twice) (D:3)
  2 worms (D:2)
  2 dart slugs
  5 endoplasms
  A giant cockroach (D:1)
  6 goblins
  7 hobgoblins
  2 jackals (D:3)
  5 quokkas
  2 ball pythons (D:1)
  4 bats
  4 frilled lizards
  3 kobolds
  3 rats (D:1)
48 creatures vanquished.

Notes
Turn   | Place    | Note
-------+----------+-------------------------------------------
     0 | D:1      | gigimoi the Hill Orc Monk began the quest for the Orb.
     0 | D:1      | Reached XP level 1. HP: 19/19 MP: 1/1
    50 | D:1      | Reached XP level 2. HP: 14/27 MP: 2/2
   320 | D:1      | Found a faded altar of an unknown god.
   330 | D:1      | Reached skill level 1 in Armour
   932 | D:1      | Reached XP level 3. HP: 33/33 MP: 3/3
  1822 | D:2      | Reached skill level 5 in Axes
  2057 | D:3      | Noticed Natasha
  2072 | D:3      | Killed Natasha
  2073 | D:3      | Reached XP level 4. HP: 37/40 MP: 4/4
  2266 | D:3      | Noticed Natasha
  2276 | D:3      | Killed Natasha
  2426 | D:3      | HP: 1/41 [gnoll (4)]
  2844 | D:2      | Slain by a gnoll

Illustrated notes

Levels and vault maps discovered:
D:1:      lightli_arrival_lavapool, layout_rooms,
          hellmonk_ecumenical_altar_run_dry, minmay_misc_feat_tower
D:2:      layout_rooms
D:3:      layout_loops_ring, uniq_natasha

Skill      XL: |  1  2  3 |
---------------+----------+-----
Armour         | 1 2 |  2.7
Fighting       | 4 |  4.3
Axes           | 5 |  5.4
Dodging        | |  2.4
Stealth        | |  1.6

Action                   |  1- 3 |  4- 6 || total
-------------------------+-------+-------++-------
Melee: Hand axe          |   161 |    58 ||   219
 Stab: Sleeping          |     2 |       ||     2
Armor: Robe              |    12 |       ||    12
       Ring mail         |    21 |    10 ||    31
Dodge: Dodged            |    89 |    40 ||   129

Table legend: (Time is in decaauts)
 A = Elapsed time spent in this place.
 B = Non-inter-level travel time spent in this place.
 C = Inter-level travel time spent in this place.
 D = Time resting spent in this place.
 E = Time spent auto-exploring this place.
 F = Levels seen in this place.
 G = Mean time per level.
                   A        B        C        D        E       F      G
               +--------+--------+--------+--------+--------+-----+--------+
         Total |   2857 |   2782 |     75 |    983 |   1297 |   3 |  952.3 |
       Dungeon |   2857 |   2782 |     75 |    983 |   1297 |   3 |  952.3 |
               +--------+--------+--------+--------+--------+-----+--------+

Top non-repeatable levels by time:
     D:1: 1334 daAuts
     D:2: 1094 daAuts
     D:3: 428 daAuts
